 Dungeon Crawl Stone Soup version 0.19-a0-1498-g0b85ae9 (webtiles) character file.

379872 junb69 the Gelid (level 21, 0/178 HPs)
             Began as a White Draconian Conjurer on Sept 5, 2016.
             Was the Champion of Vehumet.
             Killed by mirror damage (9 damage)
             ... on level 3 of the Vaults on Sept 10, 2016.
             The game lasted 05:35:07 (80214 turns).

junb69 the Gelid (White Draconian Conjurer)        Turns: 80214, Time: 05:35:08

Health: 0/178      AC: 20    Str: 18    XL:     21   Next: 87%
Magic:  15/49      EV: 20    Int: 41    God:    Vehumet [******]
Gold:   378        SH: 19    Dex: 18    Spells: 9 memorised, 8 levels left

rFire  + . .     SeeInvis .     l - +1 broad axe of the Viper {venom, MP+9 Str+4 Int+4}
rCold  + + .     Gourm    .     (armour unavailable)
rNeg   . . .     Faith    +     U - +5 shield of the Scribe {MR- rCorr Int+7}
rPois  .         Spirit   .     y - +2 hat {MR+}
rElec  .         Dismiss  .     I - +0 cloak "Ajeconene" {rF+ Str+3 Slay+6}
rCorr  +         Reflect  .     H - +2 pair of gloves {Dex+3}
MR     +....     Harm     .     c - +2 pair of boots
Stlth  +++.......               N - amulet of Rofetz {Faith rC+ Str-3 Int+3}
                                r - +4 ring of intelligence
                                f - ring of wizardry

@: repel missiles
A: breathe frost, unfitting armour, stinger 1, agile 1, cold resistance 1,
strong 1, cold-blooded, AC +11
a: Breathe Frost, Renounce Religion
}: 2/15 runes: serpentine, barnacled


You were on level 3 of the Vaults.
You worshipped Vehumet.
Vehumet was exalted by your worship.
You were not hungry.

You visited 8 branches of the dungeon, and saw 37 of its levels.
You visited the Abyss 1 time.
You visited 1 bazaar.

You collected 4724 gold pieces.
You spent 4346 gold pieces at shops.

Inventory:

Hand Weapons
 l - the +1 broad axe of the Viper (weapon) {venom, MP+9 Str+4 Int+4}
   (You took it off a deep elf high priest on level 3 of the Elven Halls)

   It poisons the flesh of those it strikes.
   It affects your strength (+4).
   It affects your intelligence (+4).
   It affects your magic capacity (+9).
 u - the +12 whip "Sommung" {freeze, *Corrode rF+ rN+}
   (You bought it in a shop on level 3 of the Shoals)

   It has been specially enchanted to freeze those struck by it, causing extra
   injury to most foes and up to half again as much damage against particularly
   susceptible opponents.
   It can also slow down cold-blooded creatures.
   It protects you from fire.
   It protects you from negative energy.
   It may corrode you when you take damage.
Armour
 c - a +2 pair of boots (worn)
 y - a +2 hat of magic resistance (worn)
 H - a +2 pair of gloves of dexterity (worn)
 I - the +0 cloak "Ajeconene" (worn) {rF+ Str+3 Slay+6}
   (You acquired it on level 5 of the Lair of Beasts)

   It affects your strength (+3).
   It affects your accuracy and damage with ranged weapons and melee attacks
   (+6).
   It protects you from fire.
 U - the +5 shield of the Scribe (worn) {MR- rCorr Int+7}
   (You found it on level 10 of the Dungeon)

   It affects your intelligence (+7).
   It affects your resistance to hostile enchantments.
   It protects you from acid and corrosion.
Jewellery
 f - a ring of wizardry (left hand)
 r - a +4 ring of intelligence (right hand)
 G - an uncursed ring of protection from magic
 N - the amulet of Rofetz (around neck) {Faith rC+ Str-3 Int+3}
   (You took it off a deep elf blademaster on level 3 of the Elven Halls)

   [amulet of faith]

   It allows you to gain divine favour quickly.
   It affects your strength (-3).
   It affects your intelligence (+3).
   It protects you from cold.
Wands
 m - a wand of teleportation (4/9)
 S - a wand of disintegration (10/24)
 Y - a wand of teleportation (3/9)
Scrolls
 d - 7 scrolls of enchant armour
 g - 5 scrolls of enchant weapon
 i - 8 scrolls of recharging
 q - 2 scrolls of teleportation
 v - a scroll of fear
 x - 3 scrolls of brand weapon
 E - a scroll of summoning
 F - 3 scrolls of magic mapping
 R - 7 scrolls of remove curse
Potions
 a - 3 potions of cancellation
 e - 5 potions of agility
 h - 6 potions of curing
 j - 6 potions of flight
 o - 3 potions of cure mutation
 t - 2 potions of brilliance
 C - 8 potions of haste
 K - a potion of invisibility
 M - a potion of resistance
 T - 5 potions of magic
 V - 5 potions of might
 W - a potion of berserk rage {unknown}
Books
 w - a book of Annihilations

   Spells                             Type                      Level
   a - Poison Arrow                   Conjuration/Poison           6
   b - Chain Lightning                Conjuration/Air              8
   c - Lehudib's Crystal Spear        Conjuration/Earth            8
   d - Glaciate                       Conjuration/Ice              9
   e - Fire Storm                     Conjuration/Fire             9
Comestibles
 b - 17 bread rations
 k - 12 meat rations
 n - 5 fruits


   Skills:
 - Level 13.2 Fighting
 - Level 9.5 Maces & Flails
 - Level 10.0 Dodging
 - Level 7.1 Stealth
 - Level 16.0 Shields
 - Level 15.9 Spellcasting
 - Level 16.6 Conjurations
 - Level 8.3 Charms
 - Level 18.0 Ice Magic
 - Level 6.6 Air Magic
 * Level 6.5 Earth Magic
   Level 6.5 Poison Magic


You had 8 spell levels left.
You knew the following spells:

 Your Spells              Type           Power        Failure   Level  Hunger
a - Magic Dart            Conj           ####         0%          1    None
b - Iron Shot             Conj/Erth      #######...   1%          6    None
c - Iskenderun's Battles  Conj/Chrm      #######.     1%          5    None
d - Glaciate              Conj/Ice       ########..   10%         9    ######.
e - Blink                 Tloc           N/A          1%          2    None
f - Freezing Cloud        Conj/Ice/Air   #######...   1%          6    None
g - Haste                 Chrm           #######.     2%          6    None
h - Repel Missiles        Chrm/Air       ######       1%          2    None
i - Bolt of Cold          Conj/Ice       ########..   1%          6    None


Dungeon Overview and Level Annotations

Branches:
Dungeon (14/15)            Temple (1/1) D:7            Lair (6/6) D:8
 Shoals (4/4) Lair:3        Snake (4/4) Lair:3        Slime (0/5) Lair:5
    Orc (2/2) D:9             Elf (3/3) Orc:2        Vaults (3/5) D:14
  Crypt (0/3) Vaults:3

Altars:
Cheibriados
Dithmenos
Elyvilon
Fedhas
Gozag
Hepliaklqana
Kikubaaqudgha
Makhleb
Nemelex Xobeh
Okawaru
Qazlal
Sif Muna
Trog
Uskayaw
Vehumet
Xom
Yredelemnul
Zin
The Shining One

Shops:
D:9 =(%**   D:10 *   D:14 :   Orc:2 *=!:   Elf:2 !   Shoals:3 ((?   Vaults:1 *
Vaults:3 *

Portals:
Trove: D:10 (give +2 shadow dragon armour)

Annotations:
D:2 1 runed door
Lair:5 exclusion: oklob plant
Shoals:1 exclusion: Roxanne, Roxanne
Elf:3 Rayvis's ghost, adept MiFi
Vaults:3 Jory


Innate Abilities, Weirdness & Mutations

You can breathe waves of freezing cold.
You can buffet flying creatures when you breathe cold.
Your icy white scales are hard. (AC +11)
Your body does not fit into most forms of armour.
Your flesh is cold resistant. (rC+)
You are cold-blooded and may be slowed by cold attacks.
Your tail ends in a poisonous barb.
You are agile. (Dex +2)
Your muscles are strong. (Str +2)


Message History

The death knight reflects your damage back at you!
* * * LOW HITPOINT WARNING * * *
Your battlesphere fires!
The barrage of energy hits the death knight.
The death knight is almost dead.
The death knight reflects your damage back at you!
* * * LOW HITPOINT WARNING * * *
The death knight invokes the aid of Yredelemnul against you.
You resist with some effort.
Okay, then.
Casting: Iron Shot
Confirm with . or Enter, or press ? or * to list all spells.
Aiming: Iron Shot
Press: ? - help, Shift-Dir - straight line, f/p - death knight
Aim: a death knight, wielding a morningstar and wearing a chain mail (almost dead, reflecting injuries)
The iron shot hits the death knight.
You kill the death knight!
Vehumet accepts your kill.
You feel your power returning.
Your damage is reflected back at you!
You die...

,*,,,* ,**,,*
**#+#**##** ##########
,,..#*#.,,#*#...%....#
*,#.#*.#,*.*#........#
*,#.##.#,*.##........#
**#.#.##.##.#....)<..#
,,#.zp##.##.#........#
###.#C##.##.#..[@..).#
#...#.##.##.#..*...∩.#
###.#.##.##.'p..).(..#
#.zp##.#§#§###########
###.##§#§#§#
#..z###§§§## ###W#
##### ....# #####


You could see a death knight and a friendly battlesphere.

Vanquished Creatures
  Mara (Snake:4)
  Vashnia (Snake:2)
  Bai Suzhen (Snake:4)
  Margery (Vaults:3)
  Saint Roka (Snake:4)
  Jorgrun (Shoals:2)
  A tentacled monstrosity (Vaults:2)
  2 deep elf blademasters (Elf:3)
  2 deep elf master archers (Elf:3)
  Polyphemus (Shoals:3)
  Gastronok (Lair:1)
  Kirke (D:14)
  Donald (Shoals:1)
  12 greater nagas
  5 deep elf sorcerers (Elf:3)
  Ilsuiw (Shoals:4)
  A frost giant (Shoals:4)
  An orc warlord (Orc:2)
  6 vault wardens
  3 deep elf elementalists (Elf:3)
  Aizul (Snake:2)
  7 ironheart preservers
  2 stone giants
  3 entropy weavers
  Nessos (D:14)
  4 deep elf demonologists
  A starcursed mass (Abyss:2)
  7 deep elf annihilators
  3 merfolk javelineers
  Snorg (Orc:2)
  2 fire dragons (Vaults:1)
  12 merfolk impalers
  9 deep elf death magi
  2 yaktaur captains (Vaults:1)
  3 deep elf high priests (Elf:3)
  27 naga warriors
  Erolcha (D:9)
  The ghost of Iwannabefree the Destroyer, a journeyman HuFE of Makhleb (D:11)
  4 vault guards
  A great orb of eyes (Vaults:1)
  6 merfolk avatars
  2 hydras
  2 ice dragons (Vaults:1)
  2 rakshasas
  4 catoblepae
  A catoblepas (shapeshifter) (Elf:3)
  14 anacondas
  Erica (D:11)
  A death knight (Vaults:3)
  2 centaur warriors (Vaults:1)
  27 dancing weapons
  17 death yaks
  8 ogre magi
  A deep troll shaman (Vaults:1)
  6 merfolk aquamancers
  2 tengu warriors (D:13)
  27 deep elf knights
  2 orc high priests
  8 shock serpents
  18 naga sharpshooters
  Nergalle (Orc:1)
  2 shadow wraiths (Abyss:2)
  4 salamander mystics (Snake:4)
  2 hell knights (Vaults:3)
  A storm dragon skeleton (Vaults:1)
  4 skeletal warriors (Vaults:1)
  23 sea snakes
  4 unseen horrors
  3 fire crabs
  4 deep trolls (Vaults:1)
  An orange crystal statue (Elf:3)
  A giant orange brain (Vaults:1)
  9 ironbrand convokers
  A sea snake (shapeshifter) (Vaults:1)
  7 wizards
  8 orc knights
  5 hill giants
  4 necromancers
  14 deep elf archers
  13 naga ritualists
  2 harpies (Shoals:4)
  Pikel (D:5)
  A stone giant zombie (Vaults:1)
  3 wolf spiders
  3 fauns (Shoals:2)
  3 orc sorcerers
  58 deep elf magi
  A hornet (Vaults:3)
  3 oklob plants
  19 mana vipers
  11 ugly things
  11 salamanders
  A salamander (shapeshifter) (Vaults:2)
  4 griffons
  8 vault sentinels
  12 water nymphs
  Maurice (D:11)
  11 cyclopes
  11 manticores
  13 sirens
  A human skeleton (Vaults:1)
  10 elephants
  Psyche (D:9)
  A torpor snail (Lair:6)
  An ice statue (D:11)
  57 black mambas
  6 guardian serpents
  24 naga magi
  A gargoyle (D:12)
  9 spiny frogs
  An efreet (D:14)
  2 rime drakes
  15 yaktaurs
  6 komodo dragons
  A rime drake (shapeshifter) (Vaults:1)
  3 freezing wraiths (Vaults:2)
  A yaktaur skeleton (Vaults:2)
  A human zombie (Vaults:2)
  2 polar bears (Lair:6)
  37 merfolk
  10 trolls
  18 two-headed ogres
  Prince Ribbit (D:7)
  4 wind drakes
  A boulder beetle (Lair:5)
  A raiju (Abyss:2)
  8 dream sheep
  13 slime creatures (Vaults:1)
  9 snapping turtles
  12 blink frogs
  A spriggan (D:8)
  A meliai zombie (D:11)
  2 air elementals
  5 redbacks
  A vampire (D:13)
  6 wraiths
  A wyvern (D:13)
  4 hogs (D:14)
  15 water elementals
  11 hippogriffs
  6 fire elementals
  70 yaks
  3 basilisks
  2 fire bats (Shoals:3)
  A large abomination (Abyss:2)
  8 vampire mosquitoes
  19 humans (D:14)
  2 hungry ghosts
  4 mottled dragons
  91 nagas
  5 wargs
  A soldier ant (D:13)
  2 hell hounds (D:8)
  7 porcupines
  20 water moccasins
  4 ice beasts
  4 phantoms
  3 slaves (D:6)
  2 necrophages (D:9)
  50 orc warriors
  2 wasps
  2 sky beasts (D:13)
  A sky beast (shapeshifter) (Elf:1)
  An eye of draining (shapeshifter) (Vaults:2)
  45 ogres
  2 black bears
  11 centaurs
  25 wolves
  2 big kobolds
  11 crocodiles
  23 giant frogs
  4 earth elementals
  A water moccasin zombie (D:9)
  A wyvern skeleton (D:8)
  3 scorpions
  A water moccasin skeleton (D:6)
  A boulder beetle zombie (Vaults:2)
  12 killer bees
  9 wights
  2 electric eels
  3 giant frog zombies
  6 howler monkeys
  6 crimson imps
  A quasit (D:9)
  2 hounds
  2 centaur zombies
  4 gnoll shamans
  2 jellies (D:9)
  16 orc priests
  5 centaur skeletons
  Jessica (D:3)
  21 iguanas
  22 orc wizards
  A worker ant (shapeshifter) (Elf:1)
  5 hell rats (Lair:6)
  8 worker ants
  A killer bee zombie (D:9)
  A hound zombie (D:11)
  2 hound skeletons
  A worker ant zombie (D:8)
  44 gnolls
  15 adders
  57 river rats
  4 shadow imps
  A white imp (Abyss:2)
  An ooze (D:7)
  2 adder skeletons (D:4)
  3 worms (D:2)
  2 dart slugs
  6 giant geckos
  85 orcs
  5 bats
  4 giant cockroaches
  16 goblins
  8 hobgoblins
  23 jackals
  3 quokkas
  5 ball pythons
  A giant gecko skeleton (D:4)
  10 giant newts
  A jackal zombie (D:5)
  15 kobolds
  10 rats
  2 crawling corpses (Elf:3)
  A fungus (Lair:2)
  22 plants
1798 creatures vanquished.

Vanquished Creatures (others)
  A deep elf knight (Elf:1)
  A centaur skeleton (D:14)
  A mottled dragon (Vaults:1)
  A slave (D:6)
  10 blocks of ice
  18 bushes (Elf:3)
  16 fungi
  47 plants
95 creatures vanquished.

Grand Total: 1893 creatures vanquished

Notes
Turn   | Place    | Note
-------+----------+-------------------------------------------
     0 | D:1      | junb69 the Draconian Conjurer began the quest for the Orb.
     0 | D:1      | Reached XP level 1. HP: 14/14 MP: 3/3
   504 | D:1      | Reached XP level 2. HP: 20/20 MP: 1/5
   757 | D:1      | Learned a level 2 spell: Searing Ray
  1306 | D:1      | Reached skill level 5 in Conjurations
  1317 | D:1      | Reached XP level 3. HP: 24/26 MP: 6/6
  2774 | D:2      | Reached XP level 4. HP: 32/33 MP: 4/7
  3134 | D:2      | Found a blossoming altar of Fedhas.
  3926 | D:2      | Found a runed door.
  4000 | D:3      | Noticed Jessica
  4004 | D:3      | Killed Jessica
  4004 | D:3      | Reached XP level 5. HP: 38/38 MP: 3/8
  4410 | D:3      | Learned a level 5 spell: Iskenderun's Battlesphere
  4846 | D:3      | Found a sparkling altar of Nemelex Xobeh.
  4849 | D:3      | Found a deep blue altar of Sif Muna.
  4849 | D:3      | Found a hide-covered altar of Uskayaw.
  5055 | D:3      | Reached skill level 1 in Charms
  5947 | D:4      | Reached XP level 6. HP: 41/45 MP: 4/11
  6038 | D:4      | Found a basalt altar of Yredelemnul.
  6114 | D:4      | Found a white marble altar of Elyvilon.
  6570 | D:5      | Entered Level 5 of the Dungeon
  7545 | D:4      | Your scales start taking on an icy white colour.
  7545 | D:4      | Reached XP level 7. HP: 50/50 MP: 6/13
  7545 | D:4      | Gained mutation: Your flesh is cold resistant. (rC+) [White Draconian growth]
  9592 | D:4      | Reached XP level 8. HP: 57/57 MP: 8/14
  9745 | D:4      | Reached skill level 5 in Charms
 10775 | D:5      | Got a shimmering whip
 10776 | D:5      | Identified the cursed +3 whip "Grim Tooth" {pain, Fragile rPois MP+9 Int+3} (You found it on level 5 of the Dungeon)
 10909 | D:5      | Found a shimmering altar of Xom.
 10910 | D:5      | Found a shimmering altar of Xom.
 10911 | D:5      | Found a shimmering altar of Xom.
 11195 | D:6      | Reached skill level 5 in Spellcasting
 11300 | D:6      | Noticed Pikel
 11336 | D:5      | Killed Pikel
 11629 | D:6      | Got a pair of distressingly furry gloves
 11892 | D:7      | Reached XP level 9. HP: 62/62 MP: 17/18
 12402 | D:7      | Identified the cursed -1 pair of gloves of the Special Wars {Dex+6} (You found it on level 6 of the Dungeon)
 12881 | D:7      | Noticed Prince Ribbit
 12890 | D:7      | Killed Prince Ribbit
 12895 | D:7      | Found a staircase to the Ecumenical Temple.
 12906 | Temple   | Entered the Ecumenical Temple
 12914 | Temple   | Became a worshipper of Vehumet
 13642 | D:8      | Found a staircase to the Lair.
 14166 | D:8      | Reached * piety under Vehumet
 14166 | D:8      | Offered knowledge of Sandblast by Vehumet.
 14204 | D:9      | Found Miwirph's Antique Weapon Emporium.
 14207 | D:9      | Found Sokhouca's Jewellery Shoppe.
 14216 | D:9      | Bought a +3 ring of intelligence for 204 gold pieces
 14264 | D:9      | Reached skill level 1 in Fighting
 14264 | D:9      | Reached XP level 10. HP: 71/71 MP: 22/22
 14286 | D:9      | Bought an uncursed ring of magical power for 260 gold pieces
 14375 | D:9      | Found Yzxoah's Food Boutique.
 14437 | D:9      | Noticed Psyche
 14444 | D:9      | Killed Psyche
 14444 | D:9      | Reached skill level 10 in Conjurations
 14610 | D:9      | Noticed Erolcha
 14617 | D:9      | Killed Erolcha
 14720 | D:9      | Found a staircase to the Orcish Mines.
 14995 | D:8      | Reached skill level 5 in Fighting
 15033 | D:9      | Found Korchag's General Store.
 15389 | D:8      | Reached ** piety under Vehumet
 15528 | D:9      | Offered knowledge of Sting by Vehumet.
 15878 | D:9      | Found Xiere's General Store.
 15905 | D:9      | Reached XP level 11. HP: 92/92 MP: 23/23
 16018 | Lair:1   | Entered Level 1 of the Lair of Beasts
 16171 | Lair:1   | Offered knowledge of Ignite Poison by Vehumet.
 16188 | Lair:1   | Learned a level 3 spell: Ignite Poison
 16400 | D:8      | Reached *** piety under Vehumet
 17060 | Lair:1   | Reached skill level 5 in Dodging
 17114 | Lair:1   | Noticed Gastronok
 17294 | Lair:1   | Offered knowledge of Stone Arrow by Vehumet.
 17299 | Lair:1   | Learned a level 3 spell: Stone Arrow
 17585 | Lair:1   | Killed Gastronok
 17825 | Lair:2   | Reached skill level 1 in Maces & Flails
 18438 | Lair:2   | Reached **** piety under Vehumet
 18696 | Lair:2   | Noticed an oklob plant
 18711 | Lair:2   | Killed an oklob plant
 18782 | Lair:2   | Reached XP level 12. HP: 105/105 MP: 24/24
 19246 | Lair:3   | Noticed a four-headed hydra
 19255 | Lair:3   | Killed a four-headed hydra
 19260 | Lair:3   | Reached skill level 10 in Fighting
 19527 | Lair:3   | Found a hazy altar of Hepliaklqana.
 19733 | Lair:3   | Offered knowledge of Sticky Flame by Vehumet.
 20553 | Lair:3   | Found a staircase to the Shoals.
 20585 | Lair:3   | Found a staircase to the Snake Pit.
 20851 | Lair:4   | Reached skill level 10 in Spellcasting
 21538 | Lair:4   | Reached ***** piety under Vehumet
 21543 | Lair:4   | Offered knowledge of Lightning Bolt by Vehumet.
 22380 | Lair:4   | Reached XP level 13. HP: 114/114 MP: 14/28
 23255 | Lair:5   | Found a staircase to the Slime Pits.
 23265 | Lair:5   | Reached skill level 5 in Maces & Flails
 24194 | Lair:5   | Identified a scroll of acquirement
 24195 | Lair:5   | Got an encrusted cloak
 24201 | Lair:5   | Identified the +0 cloak "Ajeconene" {rF+ Str+3 Slay+6} (You acquired it on level 5 of the Lair of Beasts)
 24326 | Lair:5   | Upgraded the game from 0.19-a0-1442-g3b32ff5 to 0.19-a0-1457-g32fba05
 24531 | Orc:1    | Entered Level 1 of the Orcish Mines
 25049 | Orc:1    | Noticed Nergalle
 25058 | Orc:1    | Killed Nergalle
 25213 | Orc:2    | Entered Level 2 of the Orcish Mines
 25215 | Orc:2    | Noticed an orc warlord
 25278 | D:10     | Entered Level 10 of the Dungeon
 25302 | D:10     | Found a portal to a secret trove of treasure.
 25389 | D:10     | Found Qitodiy's Assorted Antiques.
 25828 | D:10     | Got a heavily runed shield
 25838 | D:10     | Identified the +5 shield of the Scribe {MR- rCorr Int+7} (You found it on level 10 of the Dungeon)
 25847 | D:10     | Offered knowledge of Poisonous Cloud by Vehumet.
 25966 | D:10     | Learned a level 6 spell: Poisonous Cloud
 26059 | D:11     | Reached skill level 1 in Shields
 26061 | D:11     | Reached skill level 1 in Air Magic
 26070 | D:11     | Reached skill level 1 in Poison Magic
 26463 | D:11     | Noticed Erica
 26468 | D:11     | Killed Erica
 26562 | D:11     | Noticed Iwannabefree's ghost (journeyman HuFE)
 26566 | D:11     | Killed Iwannabefree's ghost
 26690 | D:11     | Noticed Maurice
 26696 | D:11     | Killed Maurice
 28666 | D:12     | Offered knowledge of Venom Bolt by Vehumet.
 28715 | D:12     | Learned a level 5 spell: Venom Bolt
 28974 | D:13     | Reached XP level 14. HP: 115/122 MP: 29/29
 29274 | D:13     | Reached skill level 5 in Air Magic
 29274 | D:13     | Reached skill level 5 in Poison Magic
 29844 | D:13     | Reached skill level 5 in Shields
 30042 | D:14     | Gained mutation: Your muscles are strong. (Str +2) [potion of beneficial mutation]
 30043 | D:14     | Gained mutation: You have an increased reservoir of magic. (+10% MP) [potion of beneficial mutation]
 30163 | D:14     | Noticed Kirke
 30455 | D:14     | Noticed Nessos
 30468 | D:14     | Killed Nessos
 30743 | D:14     | Killed Kirke
 30921 | D:14     | Found Omugun's Book Boutique.
 30980 | D:14     | Cast into level 2 of the Abyss (a wizard)
 31021 | Abyss:2  | Noticed a bone dragon
 31052 | Abyss:2  | Noticed a bone dragon
 31087 | Abyss:2  | Reached skill level 5 in Stealth
 31090 | Abyss:2  | Noticed a starcursed mass
 31106 | Abyss:2  | Killed a starcursed mass
 31160 | D:14     | Escaped the Abyss
 31376 | D:14     | Found a gate to the Vaults.
 31744 | D:14     | Bought a book of Enchantments for 850 gold pieces
 31751 | D:14     | Learned a level 6 spell: Haste
 31758 | D:14     | Learned a level 6 spell: Deflect Missiles
 31945 | Orc:2    | Killed an orc warlord
 31945 | Orc:2    | Offered knowledge of Bolt of Draining by Vehumet.
 31946 | Orc:2    | Paralysed by an orc sorcerer for 4 turns
 31948 | Orc:2    | HP: 4/122 [orc warrior/glaive[an orc warlord] (34)]
 31949 | Orc:2    | HP: 1/122 [red devil/trident[an orc warlord] (4)]
 32564 | Orc:2    | Found a staircase to the Elven Halls.
 32870 | Orc:2    | Noticed Snorg
 32877 | Orc:2    | Killed Snorg
 32934 | Orc:2    | Reached XP level 15. HP: 128/128 MP: 8/34
 33072 | Orc:2    | Found Osiast's Distillery.
 33072 | Orc:2    | Found Lomu Qynt's Book Boutique.
 33075 | Orc:2    | Found Binovife's General Store.
 33075 | Orc:2    | Found Pyruh Xasov's Jewellery Shoppe.
 33163 | Orc:2    | Bought a scroll of identify for 24 gold pieces
 33168 | Orc:2    | Bought a +4 ring of intelligence for 351 gold pieces
 33973 | Orc:1    | Offered knowledge of Bolt of Cold by Vehumet.
 33989 | Orc:1    | Learned a level 6 spell: Bolt of Cold
 34024 | D:9      | Upgraded the game from 0.19-a0-1457-g32fba05 to 0.19-a0-1468-ge013c26
 34168 | Lair:3   | Reached skill level 1 in Ice Magic
 34258 | Lair:6   | Entered Level 6 of the Lair of Beasts
 34305 | Lair:6   | Reached skill level 2 in Ice Magic
 34658 | Lair:6   | Reached skill level 3 in Ice Magic
 34927 | Lair:6   | Reached skill level 4 in Ice Magic
 35009 | Lair:6   | Reached skill level 5 in Ice Magic
 35964 | Lair:6   | Reached skill level 6 in Ice Magic
 36199 | Lair:6   | Got a brightly glowing trident
 36201 | Lair:6   | Identified the +5 trident "Wasur" {pierce, rF+ Str+4 SInv} (You found it on level 6 of the Lair of Beasts)
 36329 | Snake:1  | Entered Level 1 of the Snake Pit
 36421 | Snake:1  | Reached skill level 10 in Shields
 38057 | Snake:1  | Reached XP level 16. HP: 138/138 MP: 35/35
 39246 | Snake:1  | Upgraded the game from 0.19-a0-1468-ge013c26 to 0.19-a0-1490-g5dd3618
 39719 | Snake:2  | Noticed Aizul
 39740 | Snake:2  | Killed Aizul
 40334 | Snake:1  | Reached ****** piety under Vehumet
 41252 | Snake:2  | Noticed Vashnia
 41630 | Snake:2  | Offered knowledge of Iron Shot by Vehumet.
 41999 | Snake:1  | Gained mutation: You evolve. [potion of beneficial mutation]
 42839 | Snake:3  | Found a runed gate.
 42839 | Snake:3  | Found a runed gate.
 42839 | Snake:3  | Found a runed gate.
 43485 | Snake:3  | Gained mutation: Your tail ends in a poisonous barb. [evolution]
 44314 | Snake:3  | Learned a level 6 spell: Iron Shot
 44395 | Snake:3  | Reached XP level 17. HP: 130/147 MP: 35/37
 45214 | Elf:1    | Entered Level 1 of the Elven Halls
 46647 | Elf:1    | Identified Sif Muna's Incunabulum of Creation
 48941 | Elf:2    | Offered knowledge of Conjure Ball Lightning by Vehumet.
 49016 | Elf:2    | Found Cuhyfarch's Distillery.
 49568 | Elf:2    | Found a runed gate.
 49568 | Elf:2    | Found a runed gate.
 49568 | Elf:2    | Found a runed gate.
 50127 | Elf:3    | Entered Level 3 of the Elven Halls
 50127 | Elf:3    | Noticed Rayvis's ghost (adept MiFi)
 51868 | Elf:3    | Noticed a deep elf blademaster
 51869 | Elf:3    | Noticed a deep elf master archer
 51878 | Elf:3    | Killed a deep elf blademaster
 51878 | Elf:3    | Reached XP level 18. HP: 157/157 MP: 20/39
 52167 | Elf:3    | Gained mutation: You are agile. (Dex +2) [potion of beneficial mutation]
 52382 | Elf:3    | Lost mutation: Your tail ends in a poisonous barb. [evolution]
 52498 | Elf:3    | Offered knowledge of Glaciate by Vehumet.
 52498 | Elf:3    | Offered knowledge of Shatter by Vehumet.
 52498 | Elf:3    | Offered knowledge of Chain Lightning by Vehumet.
 52609 | Elf:3    | Got an iridescent broad axe {venom}
 52709 | Elf:3    | Reached skill level 10 in Dodging
 52713 | Elf:3    | Got a twitching jade amulet
 53355 | Elf:3    | Reached skill level 7 in Ice Magic
 53867 | Elf:3    | Reached skill level 8 in Ice Magic
 53956 | Elf:3    | Identified the amulet of Rofetz {Faith rC+ Str-3 Int+3} (You took it off a deep elf blademaster on level 3 of the Elven Halls)
 53957 | Elf:3    | Identified the cursed +1 broad axe of the Viper {venom, MP+9 Str+4 Int+4} (You took it off a deep elf high priest on level 3 of the Elven Halls)
 54009 | Elf:3    | Noticed a Brimstone Fiend
 54443 | Elf:3    | Reached skill level 9 in Ice Magic
 54549 | Elf:3    | Learned a level 2 spell: Blink
 56208 | D:14     | Bought a book of Ice for 1105 gold pieces
 56220 | D:14     | Learned a level 6 spell: Freezing Cloud
 56373 | Orc:2    | Bought a scroll of amnesia for 42 gold pieces
 56545 | Shoals:1 | Entered Level 1 of the Shoals
 57535 | Shoals:1 | Noticed Donald
 57546 | Shoals:1 | Killed Donald
 57546 | Shoals:1 | Reached skill level 10 in Ice Magic
 57654 | Shoals:1 | Noticed Roxanne
 57830 | Shoals:1 | Lost mutation: You have an increased reservoir of magic. (+10% MP) [evolution]
 58903 | Shoals:1 | Learned a level 9 spell: Glaciate
 59452 | Snake:3  | Learned a level 2 spell: Repel Missiles
 59515 | Snake:3  | Reached XP level 19. HP: 155/163 MP: 37/37
 59759 | Snake:2  | Killed Vashnia
 59759 | Snake:2  | Reached skill level 11 in Ice Magic
 60442 | Snake:4  | Entered Level 4 of the Snake Pit
 60479 | Snake:4  | Noticed Saint Roka
 60548 | Snake:4  | Killed Saint Roka
 61648 | Snake:4  | Reached skill level 12 in Ice Magic
 61946 | Snake:4  | Noticed Bai Suzhen
 62537 | Snake:4  | Noticed Mara
 62646 | Snake:4  | Noticed junb69's illusion
 62708 | Snake:4  | Killed Mara
 63087 | Snake:4  | Reached skill level 13 in Ice Magic
 63640 | Snake:4  | Killed Bai Suzhen
 63861 | Snake:3  | Upgraded the game from 0.19-a0-1490-g5dd3618 to 0.19-a0-1493-gd0fcaa6
 65056 | Snake:3  | Gained mutation: Your tail ends in a poisonous barb. [evolution]
 65056 | Snake:3  | Lost mutation: You evolve. [end of evolution]
 65847 | Snake:4  | Reached skill level 15 in Conjurations
 66225 | Snake:4  | Reached skill level 14 in Ice Magic
 66225 | Snake:4  | Reached XP level 20. HP: 171/171 MP: 30/38
 66579 | Snake:4  | Got a serpentine rune of Zot
 67151 | Shoals:2 | Noticed Jorgrun
 67400 | Shoals:2 | Killed Jorgrun
 67690 | Shoals:2 | Reached skill level 15 in Ice Magic
 68631 | Shoals:3 | Found Sago's Magic Scroll Boutique.
 68727 | Shoals:3 | Bought a scroll of acquirement for 936 gold pieces
 68754 | Shoals:3 | Bought a scroll of blinking for 135 gold pieces
 68754 | Shoals:3 | Bought a scroll of identify for 36 gold pieces
 69101 | Shoals:3 | Noticed Polyphemus
 69513 | Shoals:3 | Killed Polyphemus
 69513 | Shoals:3 | Reached skill level 16 in Ice Magic
 69708 | Shoals:3 | Found Ugasucre's Antique Weapon Shop.
 69965 | Shoals:3 | Got a shimmering cloak
 69977 | Shoals:3 | Identified the +0 cloak of the Quahog {Regen+ Str+4 Int-4 Slay+2} (You found it on level 3 of the Shoals)
 69996 | Shoals:3 | Got a twisted hand axe {freeze}
 69998 | Shoals:3 | Identified the +6 hand axe of Balance {freeze, +Blink Str+4} (You took it off a merfolk on level 3 of the Shoals)
 70076 | Shoals:3 | Found Inyrphag's Weapon Shop.
 70457 | Shoals:3 | Bought an encrusted whip for 247 gold pieces
 70457 | Shoals:3 | Identified the +12 whip "Sommung" {freeze, *Corrode rF+ rN+} (You bought it in a shop on level 3 of the Shoals)
 70491 | Shoals:4 | Entered Level 4 of the Shoals
 71281 | Shoals:4 | Noticed Ilsuiw
 71299 | Shoals:4 | Killed Ilsuiw
 71935 | Shoals:4 | Reached skill level 17 in Ice Magic
 72978 | Shoals:4 | Got a barnacled rune of Zot
 73559 | Vaults:1 | Entered Level 1 of the Vaults
 73597 | Vaults:1 | Reached skill level 15 in Shields
 73769 | Vaults:1 | Found Tiak's Assorted Antiques.
 73859 | Vaults:1 | Bought a scroll of identify for 86 gold pieces
 73891 | Vaults:1 | Reached skill level 15 in Spellcasting
 74222 | Vaults:1 | Reached XP level 21. HP: 156/178 MP: 23/40
 74979 | Vaults:1 | Reached skill level 18 in Ice Magic
 76359 | Vaults:1 | Paralysed by an ogre mage for 3 turns
 77708 | Vaults:1 | Upgraded the game from 0.19-a0-1493-gd0fcaa6 to 0.19-a0-1498-g0b85ae9
 77815 | Vaults:1 | Reached skill level 1 in Earth Magic
 78026 | Vaults:2 | Found a flickering gateway to a bazaar.
 78033 | Bazaar   | Entered a bazaar
 78033 | Bazaar   | Found Seqous Bevuo's Weapon Shoppe.
 78033 | Bazaar   | Found Gasmeodo's Gadget Boutique.
 78033 | Bazaar   | Found Aroeg's Antique Weapon Shoppe.
 78033 | Bazaar   | Found Muosoh's Gadget Shop.
 78035 | Bazaar   | Found Serexeu's Antique Armour Emporium.
 78035 | Bazaar   | Found Wud Goh's Distillery.
 78084 | Bazaar   | Bought a potion of heal wounds for 70 gold pieces
 79895 | Vaults:3 | Reached skill level 5 in Earth Magic
 80129 | Vaults:3 | Noticed Margery
 80140 | Vaults:3 | Killed Margery
 80162 | Vaults:3 | Noticed Jory
 80206 | Vaults:3 | Found Cafut's Assorted Antiques.
 80214 | Vaults:3 | Killed by mirror damage

Vault maps used:
D:1:      lightli_arrival_lavapool
D:2:      lemuel_doored_altar, serial_bayou_pond_e, uniq_crazy_yiuf_cottage
D:3:      grunt_temple_overflow_open, st_stairs_5, minivault_24, uniq_jessica
D:4:      lemuel_castle_with_subvaults, kennysheep_ying_yang, first_bread,
          lightli_ossuary_entry_decrepit_ruins
D:5:      xom_redecorated
D:6:      uniq_pikel
D:7:      uniq_prince_ribbit1
D:8:      minmay_lair_entry_lava, the_bakery
D:9:      david_orc_2, serial_shops, nicolae_shop_behind_doors, shop, shop,
          shop_coins, shop_fountains, grunt_potential, uniq_psyche, uniq_erolcha
D:10:     enter_trove_3, serial_shops, shop
D:11:     kennysheep_blocky_room, minivault_16, uniq_erica, uniq_maurice
D:14:     grunt_vaults_entry_tiered, infiniplex_staircase_river, serial_shops,
          shop, fountainhead, uniq_kirke, uniq_nessos
Temple:   eino_temple_lava
Lair:1:   beast_lair_carwin_7, uniq_gastronok
Lair:2:   minmay_lair_oklob_items, grunt_forest_large_clearings
Lair:3:   elwin_shoals_entry_rooms, guppyfry_snake_entry_island, basic_altar,
          beast_lair_carwin_4
Lair:5:   minmay_slime_entry_oklob_open, grunt_megastairs_2
Lair:6:   evilmike_catoblepas_cave, serial_bayou_pond_a
Shoals:1: uniq_roxanne, uniq_donald
Shoals:2: uniq_jorgrun
Shoals:3: serial_shops, nicolae_shop_crystal, shop_fountains, shop,
          hangedman_shoal_volcano, uniq_polyphemus
Shoals:4: shoals_end_grunt_ice, shoals_ilsuiw_ice
Snake:2:  uniq_aizul, uniq_vashnia
Snake:3:  corexii_hall_statues_x, nicolae_snake_horde_hoard
Snake:4:  johnstein_snake_rune_scales, uniq_mara, uniq_saint_roka,
          uniq_bai_suzhen
Orc:1:    uniq_nergalle
Orc:2:    st_orc_ogre_mass, uniq_snorg
Elf:1:    elf_arrival_001, minmay_elf_demonology
Elf:2:    serial_shops, shop_statue, basic_stair_grate_trap
Elf:3:    elf_hall, minivault_16, eino_tiny_chamber
Vaults:1: nicolae_vaults_little_ls, vaults_mumra_minichess, v_alt_pattern_5,
          v_alt_pattern_2, v_misc_33, v_alt_pattern_6, vaults_dpeg_diagonal,
          serial_shops, shop
Vaults:2: nicolae_vaults_disjoint_gnomons, ontoclasm_vaults_ring_square,
          special_room_vaults, ontoclasm_vaults_loading_screen, v_misc_26,
          nicolae_vaults_bisected_exclaves, hangedman_vaults_trim, v_misc_31,
          grunt_vaults_focal, vaults_room_stairs_pillars, v_misc_4,
          serial_shops, bzr_entry_road
Vaults:3: vaults_room_door_hall, blue_anna_dwarven_crypt, vaults_dpeg_hooks,
          vaults_room_stairs_pillars, v_misc_12, nicolae_vaults_statue_guard,
          nicolae_vaults_network_square, hangedman_vaults_stagger,
          nicolae_vaults_theta, nicolae_vaults_triangles,
          nicolae_vaults_hallways_thing, nicolae_vaults_network_periphery,
          nicolae_vaults_asterisk, serial_shops, bzr_entry_safe, shop, shop,
          uniq_margery, uniq_jory
Abyss:2:  minivault_1
Bazaar:   bazaar_minmay_generic_island

Skill      XL: |  1  2  3  4  5  6  7  8  9 10 11 12 13 14 15 16 17 18 19 20 21 |
---------------+----------------------------------------------------------------+-----
Conjurations   | 5 6 7 9 11 12 13 15 16 | 16.6
Charms         | 1 3 4 6 8 |  8.3
Spellcasting   | 3 4 6 8 11 12 13 14 15 | 15.9
Fighting       | 1 7 9 10 11 12 13 | 13.2
Dodging        | 3 6 7 8 10 | 10.0
Stealth        | 4 7 |  7.1
Maces & Flails | 4 6 8 9 |  9.5
Shields        | 4 7 10 14 15 16 | 16.0
Air Magic      | 4 6 |  6.6
Poison Magic   | 4 6 |  6.5
Ice Magic      | 6 10 14 17 18 | 18.0
Earth Magic    | 6 |  6.5

Action                   |  1- 3 |  4- 6 |  7- 9 | 10-12 | 13-15 | 16-18 | 19-21 || total
-------------------------+-------+-------+-------+-------+-------+-------+-------++-------
Melee: Short sword       |    90 |    62 |    26 |       |       |       |       ||   178
       Unarmed           |     2 |       |       |       |       |       |       ||     2
       Tailslap          |     8 |     4 |    11 |    20 |   101 |   140 |   100 ||   384
       Spear             |       |       |    23 |       |       |       |       ||    23
       Whip              |       |       |    47 |   106 |   412 |   593 |       ||  1158
       Broad axe         |       |       |       |       |       |   104 |   483 ||   587
 Cast: Magic Dart        |    66 |    99 |   148 |   363 |   368 |   216 |   187 ||  1447
       Searing Ray       |     3 |    19 |    54 |    27 |     5 |       |       ||   108
       Iskenderun's Batt |       |       |    14 |   103 |   138 |   107 |    86 ||   448
       Stone Arrow       |       |       |       |    90 |   283 |    62 |       ||   435
       Poisonous Cloud   |       |       |       |       |    66 |   127 |       ||   193
       Venom Bolt        |       |       |       |       |    10 |       |       ||    10
       Ignite Poison     |       |       |       |       |    11 |     2 |       ||    13
       Bolt of Cold      |       |       |       |       |    16 |   152 |   251 ||   419
       Deflect Missiles  |       |       |       |       |       |     9 |       ||     9
       Iron Shot         |       |       |       |       |       |    38 |    56 ||    94
       Freezing Cloud    |       |       |       |       |       |    36 |   293 ||   329
       Repel Missiles    |       |       |       |       |       |     1 |     8 ||     9
       Glaciate          |       |       |       |       |       |       |     7 ||     7
 Abil: Breathe Frost     |       |       |    14 |     3 |       |       |       ||    17
Evoke: Wand              |       |       |       |       |     3 |     5 |       ||     8
  Use: Scroll            |       |     6 |     6 |     6 |    27 |    12 |    17 ||    74
       Potion            |       |     1 |       |       |     2 |     6 |    10 ||    19
 Stab: Sleeping          |     2 |       |       |       |     3 |     3 |       ||     8
       Distracted        |       |       |       |       |       |       |     2 ||     2
  Eat: Chunk             |     6 |    17 |    18 |    53 |    58 |    48 |    30 ||   230
       Bread ration      |       |       |     1 |     1 |       |     1 |     5 ||     8
       Fruit             |       |       |     8 |       |     3 |    30 |     3 ||    44
       Beef jerky        |       |       |       |       |     3 |     1 |     2 ||     6
       Pizza             |       |       |       |       |     1 |     3 |     2 ||     6
       Royal jelly       |       |       |       |       |       |     1 |     3 ||     4
Armor: Skin              |    37 |    34 |    67 |    69 |   123 |   109 |   115 ||   554
Dodge: Dodged            |    67 |    73 |   108 |   205 |   246 |   330 |   342 ||  1371
       Deflected         |       |       |       |       |       |    78 |    31 ||   109
Block: Shield            |       |       |       |       |   352 |   766 |   683 ||  1801
